 Dungeon Crawl Stone Soup version 0.22-a0-475-g101988f (webtiles) character file.

91 DrEnzyme the Skirmisher (level 4, 0/31 HPs)
             Began as an Octopode Wanderer on June 13, 2018.
             Slain by a river rat (7 damage)
             ... on level 3 of the Dungeon.
             The game lasted 00:06:11 (2364 turns).

DrEnzyme the Skirmisher (Octopode Wanderer)         Turns: 2364, Time: 00:06:14

Health: 0/31       AC:  1    Str:  8    XL:     4   Next: 57%
Magic:  7/7        EV: 10    Int: 16    God:
Gold:   63         SH:  0    Dex: 13    Spells: 6/7 levels left

rFire    . . .     SeeInvis .   b - +0 dagger (venom)
rCold    . . .     Gourm    .   (no shield)
rNeg     . . .     Faith    .   (helmet restricted)
rPois    .         Spirit   .   (no amulet)
rElec    .         Reflect  .   (no ring)
rCorr    .         Harm     .   (no ring)
MR       .....                  (no ring)
Stlth    +++.......             (no ring)
HPRegen  0.10/turn              (no ring)
MPRegen  0.10/turn              (no ring)
                                (no ring)
                                (no ring)

@: constricted
A: almost no armour, stealthy swim, amphibious, 8 rings, constrict 8, camouflage
1, gelatinous body 1
a: no special abilities


You were on level 3 of the Dungeon.
You were hungry.

You visited 1 branch of the dungeon, and saw 3 of its levels.

You collected 63 gold pieces.

Inventory:

Hand Weapons
 a - a +2 quarterstaff
 b - a +0 dagger of venom (weapon)
Jewellery
 f - an uncursed ring of poison resistance {unknown}
 k - an uncursed amulet of the acrobat {unknown}
Scrolls
 c - a scroll of immolation {unknown}
 e - a scroll of identify {unknown}
 g - a scroll of amnesia {unknown}
 l - a scroll of remove curse {unknown}
Potions
 h - a potion of might {unknown}
 i - a potion of agility {unknown}
Comestibles
 d - a ration


   Skills:
 + Level 3.0 Fighting
 + Level 1.0 Short Blades
 - Level 1.0 Staves
 + Level 2.0 Dodging
 + Level 2.9 Stealth
   Level 1.0 Shields
 - Level 2.0 Spellcasting
   Level 2.0 Necromancy
   Level 1.0 Fire Magic
   Level 1.1 Evocations


You had 6 spell levels left.
You knew the following spells:

 Your Spells              Type           Power        Failure   Level  Hunger
a - Shock                 Conj/Air       #...         21%         1    #......

Your spell library contained the following spells:

 Spells                   Type           Power        Failure   Level  Hunger
 Dazzling Spray           Conj/Hex       #.....       52%         3    ###....


Dungeon Overview and Level Annotations

Branches:
Dungeon (3/15)

Altars:
Ashenzari
Hepliaklqana
Uskayaw
The Shining One

Portals:
Sewer: D:3


Innate Abilities, Weirdness & Mutations

You cannot wear most types of armour.
You are very stealthy in the water. (Stealth+)
You are amphibious.
You can wear up to eight rings at the same time.
You can use your tentacles to constrict eight enemies at once.
Your skin changes colour to match your surroundings (Stealth+).
Your rubbery body absorbs attacks. (AC +1, EV +1)


Message History

The river rat misses you. The ball python barely misses you.
The ball python constricts you.
You escape the ball python's grasp.
You release your grip on the river rat.
The ball python bites you.
* * * LOW HITPOINT WARNING * * *
The ball python grabs you. The ball python constricts you.
You completely miss the ball python. Your grab misses the ball python.
The ball python closely misses you.
* * * LOW HITPOINT WARNING * * *
The ball python constricts you.
You hit the ball python but do no damage.
You grab the ball python.
You kill the ball python!
You hit the ball python.
The ball python is poisoned.
You grab the ball python.
The ball python is heavily wounded.
You constrict the ball python. The ball python barely misses you.
The ball python grabs you.
* * * LOW HITPOINT WARNING * * *
The ball python constricts you. The river rat bites you!
You die...

# #. #. ### ## ##
..# . # #######.#
. #..#≈≈≈≈≈#.##.#
#..#≈≈≈≈Sr@.#.#.##
..#≈≈∩≈≈#S.......
#≈≈≈≈≈#..#.#.##
.#######.## #
.........#
##.###..##
.l......#
#######.# #.#


You could see a river rat and 2 ball pythons.

Vanquished Creatures
  3 adders
  2 oozes
  A dart slug (D:1)
  A leopard gecko (D:1)
  An orc (D:3)
  6 bats
  A giant cockroach (D:1)
  4 hobgoblins
  2 jackals (D:3)
  5 ball pythons
  9 frilled lizards
  5 goblins
  9 kobolds
  7 rats
56 creatures vanquished.

Notes
Turn   | Place    | Note
-------+----------+-------------------------------------------
     0 | D:1      | DrEnzyme the Octopode Wanderer began the quest for the Orb.
     0 | D:1      | DrEnzyme set off with: a +2 quarterstaff, a scroll of teleportation, a ration
     0 | D:1      | Reached XP level 1. HP: 14/14 MP: 3/3
     2 | D:1      | Learned a level 1 spell: Shock
   194 | D:1      | Reached skill level 1 in Stealth
   236 | D:1      | Reached XP level 2. HP: 18/19 MP: 5/5
   684 | D:1      | Reached skill level 1 in Dodging
   898 | D:1      | Reached XP level 3. HP: 21/25 MP: 6/6
  1529 | D:2      | Found a hide-covered altar of Uskayaw.
  1807 | D:2      | Found a hazy altar of Hepliaklqana.
  1811 | D:2      | Found a shattered altar of Ashenzari.
  1816 | D:2      | Found a glowing golden altar of the Shining One.
  1878 | D:3      | Reached XP level 4. HP: 26/30 MP: 7/7
  1966 | D:3      | Reached skill level 3 in Fighting
  2315 | D:3      | Reached skill level 1 in Short Blades
  2342 | D:3      | Found a glowing drain.
  2364 | D:3      | Slain by a river rat

Vault maps used:
D:1:      lightli_arrival_noodles
D:2:      overflow_temple_1_default, minmay_overflow_temple_star_quad
D:3:      portal_sewer_entry_c

Skill      XL: |  1  2  3  4 |
---------------+-------------+-----
Stealth        | 1 2 |  2.9
Dodging        | 1 2 |  2.0
Fighting       | 3 |  3.0
Short Blades   | 1 |  1.0
Staves         | |  1.0
Shields        | |  1.0
Spellcasting   | |  2.0
Necromancy     | |  2.0
Fire Magic     | |  1.0
Evocations     | |  1.1

Action                   |  1- 3 |  4- 6 || total
-------------------------+-------+-------++-------
Melee: Quarterstaff      |    47 |       ||    47
       Constrict         |    18 |    15 ||    33
       Tentacles         |     9 |     9 ||    18
       Dagger            |    21 |    44 ||    65
  Use: Scroll            |     1 |       ||     1
 Stab: Sleeping          |    13 |     3 ||    16
  Eat: Chunk             |     2 |     2 ||     4
Armor: Skin              |     7 |     5 ||    12
Dodge: Dodged            |    48 |    51 ||    99

Table legend:
 A = Spawn XP
 B = Non-spawn XP
 C = Spawn XP percentage of total XP
 D = Spawn monster count
 E = Non-spawn monster count
 F = Spawn count percentage of total count
 G = Total turns spent on level
                    A         B        C        D         E        F      G
               +---------+---------+-------+---------+---------+-------+---------
         Total |       0 |     130 |   0.0 |       0 |      56 |   0.0 |  2364
               +---------+---------+-------+---------+---------+-------+---------
           D:1 |       0 |      42 |   0.0 |       0 |      24 |   0.0 |  1262
           D:2 |       0 |      27 |   0.0 |       0 |      12 |   0.0 |   609
           D:3 |       0 |      61 |   0.0 |       0 |      20 |   0.0 |   493
               +---------+---------+-------+---------+---------+-------+---------
